 Dungeon Crawl Stone Soup version 0.29.1 (webtiles) character file.

Game seed: 17388759787889880451

897 greasedhog the Changer (level 8, -6/60 HPs)
             Began as a Merfolk Transmuter on Sept 13, 2022.
             Was an Initiate of Sif Muna.
             Splashed by a jelly's acid (9 damage)
             ... on level 5 of the Dungeon.
             The game lasted 00:09:28 (6133 turns).

greasedhog the Changer (Merfolk Transmuter)         Turns: 6133, Time: 00:09:29

Health: -6/60      AC: -6    Str: 13    XL:     8   Next: 7%
Magic:  11/14      EV: 20    Int: 12    God:    Sif Muna [......]
Gold:   418        SH:  0    Dex: 19    Spells: 5/15 levels left

rFire   . . .      SeeInvis .     - Unarmed
rCold   . . .      Faith    .   (shield currently unavailable)
rNeg    . . .      Spirit   .   (body armour currently unavailable)
rPois   x          Reflect  .   (helmet currently unavailable)
rElec   .          Harm     .   (cloak currently unavailable)
rCorr   .          Rampage  .   (gloves currently unavailable)
Will    .....                   (boots currently unavailable)
Stlth   ++........              (no amulet)
HPRegen 0.20/turn               (no ring)
MPRegen 0.14/turn               (no ring)

@: spider-form, corroded
A: venomous fangs, tiny, (nimble swimmer 2), (mertail)
a: End Transformation, Renounce Religion


You were on level 5 of the Dungeon.
You worshipped Sif Muna.
Sif Muna was noncommittal.
You were a venomous arachnid creature.
You visited 2 branches of the dungeon, and saw 6 of its levels.
You also visited: Ossuary.

You collected 418 gold pieces.

Inventory:

Missiles
 f - 10 poisoned darts
 j - a throwing net
Armour
 d - a +0 pair of boots (melded)
 h - a +1 leather armour of fire resistance (melded)
 o - a +0 hat (melded)
 p - a +0 cloak (melded)
Wands
 i - a wand of roots (11)
 D - a wand of digging (2)
Scrolls
 a - a scroll of fear
 b - 3 scrolls of poison
 m - a scroll of magic mapping
 n - a scroll of fog {unknown}
 s - 3 scrolls of blinking {unknown}
 t - 2 scrolls of amnesia {unknown}
 y - 2 scrolls of teleportation {unknown}
 A - a scroll of enchant armour
 B - a scroll of silence {unknown}
 C - a scroll of immolation
 E - a scroll of noise {unknown}
Potions
 c - 2 potions of ambrosia {unknown}
 e - 2 potions of mutation {unknown}
 g - 6 potions of heal wounds {unknown}
 k - a potion of resistance {unknown}
 l - 2 potions of flight {unknown}
 q - a potion of lignification
 r - 2 potions of attraction {unknown}
 u - 2 potions of cancellation {unknown}
 v - 2 potions of brilliance {unknown}
 w - a potion of haste
 x - a potion of berserk rage {unknown}
 z - 6 potions of might {unknown}


   Skills:
 * Level 4.0 Fighting
 - Level 2.6 Dodging
 - Level 5.1 Unarmed Combat
 - Level 4.0 Spellcasting
 * Level 7.2 Transmutations
 * Level 3.2 Poison Magic


You had 5 spell levels left.
You knew the following spells:

 Your Spells              Type           Power      Damage    Failure   Level
a - Beastly Appendage     Tmut           38%        N/A       5%          1
b - Wereblood             Tmut           19%        N/A       8%          2
c - Spider Form           Tmut/Pois      15%        N/A       21%         3
d - Ice Form              Ice/Tmut       11%        N/A       67%         4

Your spell library contained the following spells:

 Spells                   Type           Power      Damage    Failure   Level
 Passwall                 Tmut/Erth      9%         N/A       21%         2
 Necrotise                Necr           8%         1d4       43%         1
 Ensorcelled Hibernation  Hex/Ice        4%         N/A       54%         2
 Sublimation of Blood     Necr           2%         N/A       54%         2
 Swiftness                Air            2%         N/A       75%         3
 Vampiric Draining        Necr           2%         2d6       75%         3
 Passage of Golubria      Tloc           2%         N/A       98%         4
 Agony                    Necr           2%         N/A       100%        5
 Silence                  Hex/Air        1%         N/A       100%        5
 Dispersal                Tloc           1%         N/A       100%        6
 Summon Hydra             Summ           1%         N/A       100%        7
 Disjunction              Tloc           1%         N/A       100%        8
 Lehudib's Crystal Spear  Conj/Erth      1%         10d2      100%        8


Dungeon Overview and Level Annotations

Branches:
Dungeon (5/15)             Temple (1/1) D:4         Ossuary (visited)

Altars:
Ashenzari
Elyvilon
Fedhas
Gozag
Hepliaklqana
Kikubaaqudgha
Makhleb
Okawaru
Qazlal
Ru
Sif Muna
Trog
Vehumet
Wu Jian
Xom
Yredelemnul
Zin
The Shining One


Innate Abilities, Weirdness & Mutations

You are a venomous arachnid creature.
You have poisonous fangs.
You are tiny and dextrous.
Your spellcasting is less reliable in this form.
Your armour is entirely melded.
You are incapable of wielding weapons or throwing items.
((You are very nimble when in or above water. (Stealth+, EV+, Speed+++)))
((Your lower body shifts to a powerful aquatic tail in water.))


Message History

Your transformation is almost over.
Your transformation has ended.
Your +0 cloak unmelds from your body.
Your +0 hat unmelds from your body.
Your +0 pair of boots unmelds from your body.
Your +1 leather armour of fire resistance unmelds from your body.
You feel resistant to fire.
You now have 418 gold pieces (gained 8).
A jelly comes into view.
A jelly is nearby!
You turn into a venomous arachnid creature.
Your +0 cloak melds into your body.
Your +0 hat melds into your body.
Your +0 pair of boots melds into your body.
Your +1 leather armour of fire resistance melds into your body.
You feel less resistant to fire. The jelly hits you but does no damage.
You hit the jelly.
The jelly is poisoned.
Your front legs burn!
The jelly is moderately wounded.
The jelly hits you but does no damage.
You hit the jelly but do no damage. The acid corrodes you!
Your front legs burn!
The jelly is moderately wounded.
The jelly hits you.
You are splashed with acid!
You hit the jelly but do no damage.
Your front legs burn!
The jelly is moderately wounded.
You hit the jelly.
The jelly looks as sick as possible!
Your front legs burn!
The jelly is heavily wounded.
The jelly closely misses you.
You hit the jelly.
Your front legs burn!
The jelly is heavily wounded.
The jelly hits you. The acid corrodes you!
You are splashed with acid!
You hit the jelly.
Your front legs burn!
* * * LOW HITPOINT WARNING * * *
The jelly is almost dead.
The jelly hits you.
* * * LOW HITPOINT WARNING * * *
You are splashed with acid!
* * * LOW HITPOINT WARNING * * *
The jelly attacks as you move away! The jelly hits you.
* * * LOW HITPOINT WARNING * * *
You are splashed with acid!
You die...

###.#....#.......##.....
........###..... .......
.........# #.... .......
........### .... .......
#.####..#.##.... ....(.
.. #........... #.....
##.#.####... ###.# #s.#
#J## ... ..... .##..#.
.. ..##.. ## ..# .. ...
..


You could see a jelly (extremely poisoned).

Vanquished Creatures
  Sigmund (D:2)
  An ice beast (D:5)
  A phantom (D:5)
  Blork the orc (D:4)
  A bullfrog (D:5)
  Crazy Yiuf (D:3)
  2 hounds
  Jessica (D:3)
  An iguana (D:5)
  Ijyb (D:5)
  2 orc wizards (D:3)
  9 mummies
  3 adders (D:4)
  A white imp (D:5)
  A worm (D:2)
  2 dart slugs (D:1)
  4 orcs (D:3)
  5 bats
  2 endoplasms
  2 giant cockroaches (D:2)
  A gnoll zombie (Ossuary)
  5 goblins
  5 hobgoblins
  4 jackals
  4 kobolds
  4 quokkas
  4 ball pythons
  2 frilled lizards
  5 hobgoblin zombies
  A kobold zombie (Ossuary)
  3 orc zombies (Ossuary)
  8 rats
88 creatures vanquished.

Notes
Turn   | Place    | Note
-------+----------+-------------------------------------------
     0 | D:1      | greasedhog the Merfolk Transmuter began the quest for the
                  | Orb.
     0 | D:1      | Reached XP level 1. HP: 15/15 MP: 3/3
   241 | D:1      | Reached skill level 3 in Transmutations
   273 | D:1      | Reached XP level 2. HP: 16/21 MP: 3/5
   891 | D:1      | Learned a level 2 spell: Wereblood
  1017 | D:1      | Reached XP level 3. HP: 26/26 MP: 1/6
  1747 | D:2      | Noticed Sigmund
  1814 | D:2      | Killed Sigmund
  1815 | D:2      | Reached skill level 4 in Transmutations
  1815 | D:2      | Reached XP level 4. HP: 32/32 MP: 6/9
  1815 | D:2      | Reached XP level 5. HP: 36/37 MP: 6/10
  2005 | D:2      | You fall into a shaft and drop 1 floor!
  2266 | D:2      | Found a faded altar of an unknown god.
  2554 | D:3      | Noticed Jessica
  2557 | D:3      | Reached skill level 5 in Transmutations
  2564 | D:3      | Killed Jessica
  2565 | D:3      | Reached XP level 6. HP: 42/43 MP: 8/11
  2743 | D:3      | Reached skill level 5 in Unarmed Combat
  2875 | D:3      | Learned a level 3 spell: Spider Form
  2880 | D:3      | Learned a level 4 spell: Ice Form
  2920 | D:3      | Found a runed translucent door.
  2921 | D:3      | Noticed Crazy Yiuf
  3303 | D:3      | HP: 2/43 [Crazy Yiuf/+2 quarterstaff of chaos (8)]
  3304 | D:3      | Killed Crazy Yiuf
  3778 | D:4      | Found a sand-covered staircase.
  3853 | Ossuary  | Entered an ossuary
  4116 | Ossuary  | Reached XP level 7. HP: 49/50 MP: 9/13
  4602 | D:4      | Noticed Blork the orc
  4628 | D:4      | Killed Blork the orc
  4629 | D:4      | Reached skill level 6 in Transmutations
  4629 | D:4      | Reached skill level 1 in Poison Magic
  4915 | D:4      | Found a staircase to the Ecumenical Temple.
  4926 | Temple   | Entered the Ecumenical Temple
  5080 | Temple   | Became a worshipper of Sif Muna the Loreminder
  5578 | D:5      | Entered Level 5 of the Dungeon
  5690 | D:5      | Noticed Ijyb
  5706 | D:5      | Killed Ijyb
  6011 | D:5      | Found a basalt altar of Yredelemnul.
  6028 | D:5      | Reached skill level 7 in Transmutations
  6084 | D:5      | Reached XP level 8. HP: 55/60 MP: 10/14
  6133 | D:5      | HP: 3/60 [jelly (2)]
  6133 | D:5      | Splashed by a jelly's acid

Illustrated notes

Levels and vault maps discovered:
D:1:      scummos_arrival_gate, layout_basic
D:2:      layout_basic, nicolae_ecumenical_lake_church, chequers_garden,
          chequers_arboretum, minivault_4, minmay_crystal_water,
          grunt_ministairs_3, serial_park_tiny_pond, uniq_sigmund
D:3:      layout_loops_ring, uniq_jessica, uniq_crazy_yiuf_cottage
D:4:      layout_loops_corners, temple_fountains, nicolae_ossuary_entry_giza,
          uniq_blork_the_orc
D:5:      layout_cave_pools, yredelemnul_altar_generic,
          kennysheep_decorative_pillar, uniq_ijyb
Temple:   minmay_crystal_spiral_temple

Skill      XL: |  1  2  3  4  5  6  7 |
---------------+----------------------+-----
Transmutations | 3 4 5 7 |  7.2
Unarmed Combat | 4 5 |  5.1
Spellcasting   | 3 4 |  4.0
Fighting       | 2 4 |  4.0
Poison Magic   | 3 |  3.2
Dodging        | |  2.6

Action                   |  1- 3 |  4- 6 |  7- 9 || total
-------------------------+-------+-------+-------++-------
Melee: Unarmed           |    86 |   149 |    99 ||   334
       Headbutt          |    17 |    16 |     9 ||    42
       Tailslap          |     5 |       |       ||     5
       Punch             |       |     2 |       ||     2
 Cast: Beastly Appendage |    18 |    19 |     6 ||    43
       Wereblood         |     5 |     6 |     2 ||    13
       Spider Form       |       |     2 |     7 ||     9
  Use: Scroll            |     5 |     1 |     1 ||     7
       Potion            |     4 |     1 |     4 ||     9
Armor: Robe              |    14 |       |       ||    14
       Skin              |     9 |     2 |     4 ||    15
       Leather armour    |     1 |    39 |     9 ||    49
Dodge: Dodged            |    54 |    70 |    49 ||   173
